 Dungeon Crawl Stone Soup version 0.28-b1-70-g80dc712255 (webtiles) character file.

Game seed: 7898225043441645378

854 cbfl8 the Twirler (level 7, -1/61 HPs)
             Began as a Minotaur Delver on Feb 3, 2022.
             Slain by an orc warrior (10 damage)
             ... on level 7 of the Dungeon.
             The game lasted 00:10:23 (5361 turns).

cbfl8 the Twirler (Minotaur Delver)                 Turns: 5361, Time: 00:10:24

Health: -1/61      AC: 21    Str: 18    XL:     7   Next: 70%
Magic:  6/6        EV: 10    Int:  7    God:
Gold:   171        SH:  0    Dex: 12    Spells: 6/6 levels left

rFire   . . .      SeeInvis .   t - +7 staff of the Meek {protect, meekguard}
rCold   . . .      Faith    .   (shield currently unavailable)
rNeg    . . .      Spirit   .   j - +0 scale mail
rPois   .          Reflect  .   (helmet restricted)
rElec   .          Harm     .   (no cloak)
rCorr   .          Rampage  .   (no gloves)
Will    .....                   (no boots)
Stlth   +.........              (no amulet)
HPRegen 0.20/turn               (no ring)
MPRegen 0.10/turn               (no ring)

@: under a protective aura
A: horns 2, retaliatory headbutt
a: no special abilities


You were on level 7 of the Dungeon.
You visited 1 branch of the dungeon, and saw 7 of its levels.

You collected 171 gold pieces.

Inventory:

Hand Weapons
 a - a +0 hand axe
 n - the +5 dagger "Nieqit" {venom, rPois}
   (You found it on level 2 of the Dungeon)

   It poisons the flesh of those it strikes.
   rPois:     It protects you from poison.
 p - a +2 short sword of venom
 t - the +7 staff of the Meek (weapon) {protect, meekguard}
   (You found it on level 3 of the Dungeon)

   It grants its wielder temporary protection when it strikes (+7 to AC).
   It provides extra protection to wielders with little health.
 B - a +3 short sword
Missiles
 m - a throwing net (quivered)
Armour
 b - a +0 leather armour
 j - a +0 scale mail (worn)
Wands
 g - a wand of digging (3)
 i - a wand of polymorph (8)
Scrolls
 c - 3 scrolls of fog
 d - 2 scrolls of magic mapping
 e - a scroll of fear
 l - a scroll of acquirement {unknown}
 q - a scroll of immolation
 r - a scroll of teleportation
 s - a scroll of blinking {unknown}
 u - 2 scrolls of vulnerability
 v - a scroll of summoning
 x - 3 scrolls of noise
 y - a scroll of torment
 z - a scroll of amnesia {unknown}
Potions
 f - 3 potions of haste
 k - a potion of degeneration {unknown}
 o - a potion of brilliance {unknown}
 w - a potion of heal wounds {unknown}
 A - a potion of cancellation {unknown}


   Skills:
 + Level 5.4 Fighting
 + Level 1.2 Short Blades
 + Level 4.4 Axes
 + Level 5.6 Staves
 + Level 4.4 Armour
 + Level 3.3 Dodging
 + Level 4.7 Stealth
 + Level 0.8 Unarmed Combat


You had 6 spell levels left.
You didn't know any spells.
Your spell library contained the following spells:

 Spells                   Type           Power      Damage    Failure   Level
 Beastly Appendage        Tmut           0%         N/A       80%         1
 Wereblood                Tmut           0%         N/A       91%         2
 Spider Form              Tmut/Pois      0%         N/A       99%         3


Dungeon Overview and Level Annotations

Branches:
Dungeon (8/15)
 Temple: D:4-7         Lair: D:8-11

Altars:
Makhleb
Sif Muna
Beogh
Lugonu

Shops:
D:4 [

Annotations:
D:7 2 runed translucent doors, Duvessa


Innate Abilities, Weirdness & Mutations

You have a pair of horns on your head.
You reflexively headbutt those who attack you in melee.


Message History

Dowan gestures at you while chanting. The puff of frost misses you.
You see here a howler monkey corpse.
You barely miss Duvessa. You thump Duvessa! Your headbutt misses Duvessa.
Duvessa is moderately wounded.
Duvessa zaps a wand.
The puff of flame hits you!
You barely miss Duvessa.
Duvessa is moderately wounded.
You sock Dowan! You headbutt Dowan.
Dowan is severely wounded.
Duvessa barely misses you. Dowan hits you but does no damage.
You thump Dowan!
You kill Dowan!
Duvessa screams in rage.
Duvessa goes berserk!
Duvessa hits you with a +0 rapier! Duvessa barely misses you.
An orc warrior comes into view. It is wielding a +0 scimitar.
Duvessa hits you but does no damage.
Things that are here:
a +0 dagger; a +0 robe Duvessa completely misses you.
You barely miss Duvessa.
Duvessa is moderately wounded.
Duvessa hits you with a +0 rapier!
You sock Duvessa!
Duvessa is severely wounded.
Duvessa hits you with a +0 rapier!
An orc comes into view. It is wielding a +0 club.
A hornet zombie comes into view.
Duvessa hits you but does no damage.
You hit Duvessa.
Duvessa is severely wounded.
Duvessa hits you with a +0 rapier!
* * * LOW HITPOINT WARNING * * *
You hit Duvessa.
Duvessa is severely wounded.
Duvessa closely misses you. You furiously retaliate!
You headbutt Duvessa.
The orc warrior hits you with a +0 scimitar!
You die...

### #.## ##..#
##..†# ## #....# ..#
########..#e#..#
##.........#@o..#
#...........##...o..
#..........## ......
#............. .....
#.....(..##......!..
##.....### #........
##..##.## .##.....
#...#...## .#
#...#....##


You could see Duvessa (berserk), an orc warrior and an orc.

Vanquished Creatures
  A water moccasin (D:5)
  A bullfrog (D:4)
  A gnoll sergeant (D:4)
  Dowan (D:7)
  2 howler monkeys (D:7)
  2 hounds
  2 orc priests
  2 bullfrog skeletons
  Terence (D:2)
  Ijyb (D:4)
  A hound skeleton (D:4)
  A howler monkey zombie (D:8)
  Robin (D:4)
  4 gnolls (D:4)
  A howler monkey skeleton (D:5)
  7 adders
  A shadow imp (D:7)
  4 worms
  2 dart slugs
  8 orcs
  5 endoplasms
  2 giant cockroaches
  19 goblins
  9 hobgoblins
  2 jackals (D:1)
  4 quokkas
  2 ball pythons (D:3)
  3 bats
  5 frilled lizards
  8 kobolds
  3 rats
106 creatures vanquished.

Vanquished Creatures (others)
  3 plants (D:5)
3 creatures vanquished.

Grand Total: 109 creatures vanquished

Notes
Turn   | Place    | Note
-------+----------+-------------------------------------------
     0 | D:5      | cbfl8 the Minotaur Delver began the quest for the Orb.
     0 | D:5      | Reached XP level 1. HP: 19/19 MP: 0/0
    17 | D:5      | Noticed a jelly
   149 | D:3      | Found a shimmering blue altar of Sif Muna.
   509 | D:1      | Reached XP level 2. HP: 26/26 MP: 1/1
  1549 | D:2      | Reached XP level 3. HP: 30/33 MP: 2/2
  1863 | D:2      | Identified the +5 dagger "Nieqit" {venom, rPois}
  1875 | D:2      | Noticed Terence
  1882 | D:2      | Killed Terence
  1883 | D:2      | Reached skill level 1 in Armour
  1883 | D:2      | Reached XP level 4. HP: 35/40 MP: 3/3
  2568 | D:3      | Found the +7 staff of the Meek {protect, meekguard}
  2576 | D:3      | Reached XP level 5. HP: 35/46 MP: 4/4
  2727 | D:3      | Reached skill level 1 in Short Blades
  2985 | D:3      | Found a faded altar of an unknown god.
  3124 | D:4      | Noticed Robin
  3147 | D:4      | Killed Robin
  3204 | D:4      | Found a burning altar of Makhleb.
  3309 | D:4      | Found Zeuvaevaoc's Antique Armour Emporium.
  3322 | D:4      | Reached XP level 6. HP: 45/53 MP: 5/5
  3576 | D:4      | Noticed Ijyb
  3605 | D:4      | Killed Ijyb
  3613 | D:4      | HP: 2/53 [poisoned by an adder]
  4269 | D:4      | Reached skill level 5 in Fighting
  4635 | D:5      | Noticed a water moccasin
  4646 | D:5      | Killed a water moccasin
  4647 | D:5      | Reached XP level 7. HP: 49/61 MP: 6/6
  4864 | D:5      | You fall into a shaft and drop 3 floors!
  4868 | D:7      | Noticed Duvessa
  4868 | D:7      | Noticed Dowan
  5070 | D:7      | Found a large runed translucent door.
  5071 | D:7      | Found a large runed translucent door.
  5076 | D:7      | Found a corrupted altar of Lugonu.
  5088 | D:7      | Identified the +10 rapier of Destruction {distort, rPois
                  | Dex+8}
  5113 | D:7      | Reached skill level 5 in Staves
  5355 | D:7      | Killed Dowan
  5361 | D:7      | Slain by an orc warrior

Illustrated notes

Levels and vault maps discovered:
D:1:      shiori_arrival_maze, layout_basic
D:2:      layout_basic, roderic_roman_lattice, grunt_ministairs_11,
          serial_bayou_pond_b, uniq_terence
D:3:      layout_basic, nicolae_sif_muna_condensation,
          ebering_ecumenical_altar_box, pf_guarded_unrand_meek
D:4:      layout_loops_ring, lightli_temple_of_fire, serial_shops, shop,
          hangedman_minor_gate_pass, uniq_robin, uniq_ijyb
D:5:      layout_loops_ring, minmay_temple_entry_gardened_gates
D:7:      due_chaos_kobolds, layout_cave_pools, uniq_duvessa,
          uniq_prince_ribbit1
D:8:      layout_cave_pools, palyth_stone_intersect, uniq_maggie

Skill      XL: |  1  2  3  4  5  6  7 |
---------------+----------------------+-----
Axes           | 3 4 |  4.4
Fighting       | 4 5 |  5.4
Armour         | 1 2 3 4 |  4.4
Short Blades   | 1 |  1.2
Staves         | 2 4 5 |  5.6
Dodging        | 3 |  3.3
Stealth        | |  4.7
Unarmed Combat | |  0.8

Action                   |  1- 3 |  4- 6 |  7- 9 || total
-------------------------+-------+-------+-------++-------
Melee: Hand axe          |    51 |       |       ||    51
       Headbutt          |    12 |    12 |     7 ||    31
       Dagger            |     4 |    36 |       ||    40
       Quarterstaff      |       |    95 |    46 ||   141
       Unarmed           |       |    28 |       ||    28
  Use: Potion            |       |     1 |       ||     1
       Scroll            |       |       |     7 ||     7
 Stab: Sleeping          |     2 |     2 |       ||     4
Armor: Leather armour    |     2 |       |       ||     2
       Scale mail        |    25 |    92 |    20 ||   137
Dodge: Dodged            |    42 |   107 |    23 ||   172
